 Dungeon Crawl Stone Soup version 0.19-a0-1216-g363869b (webtiles) character file.

39 Charly the Sneak (level 3, -2/20 HPs)
             Began as a Spriggan Abyssal Knight on Aug 23, 2016.
             Was a Believer of Lugonu.
             Succumbed to a scorpion's poison
             ... on level 4 of the Dungeon.
             The game lasted 00:12:19 (949 turns).

Charly the Sneak (Spriggan Abyssal Knight)           Turns: 949, Time: 00:12:20

Health: -2/20      AC:  2    Str:  8    XL:     3   Next: 26%
Magic:  4/5        EV: 18    Int: 13    God:    Lugonu [**....]
Gold:   130        SH:  0    Dex: 14    Spells: 0 memorised, 2 levels left

rFire  . . .     SeeInvis +     a - +1 short sword
rCold  + . .     Gourm    .     b - +0 robe
rNeg   . . .     Faith    .     (shield restricted)
rPois  .         Spirit   .     (helmet restricted)
rElec  .         Dismiss  .     (no cloak)
rCorr  .         Reflect  .     (gloves unavailable)
MR     .....     Harm     .     (boots unavailable)
Stlth  +++.......               (no amulet)
                                (no ring)
                                (no ring)

@: lethally poisoned (-2 -> -25), exhausted, slowed, quick
A: unfitting armour, see invisible, clumsy 1, cold resistance 1, herbivore 3,
speed 3, robust 1, slow metabolism 2
a: Depart the Abyss, Bend Space, Renounce Religion


You were on level 4 of the Dungeon.
You worshipped Lugonu.
Lugonu was pleased with you.
You were full.

You visited 1 branch of the dungeon, and saw 5 of its levels.
You visited the Abyss 1 time.

You collected 130 gold pieces.

Inventory:

Hand Weapons
 a - a +1 short sword (weapon)
Missiles
 r - 2 needles of frenzy
Armour
 b - a +0 robe (worn)
Jewellery
 s - an uncursed ring of ice
Scrolls
 g - a scroll of remove curse {unknown}
 i - a scroll of recharging {unknown}
 k - a scroll of identify {unknown}
 p - a scroll of enchant weapon {unknown}
 q - a scroll of amnesia {unknown}
Potions
 e - 2 potions of cure mutation
 f - a potion of lignification {unknown}
 h - a potion of berserk rage
 j - a potion of invisibility {unknown}
 l - a potion of mutation
 m - a potion of degeneration {unknown}
 n - a potion of curing {unknown}
 o - a potion of magic {unknown}
 t - a potion of might {unknown}
Comestibles
 c - 3 bread rations


   Skills:
 - Level 2.4 Fighting
 - Level 2.1 Short Blades
 - Level 3.5 Dodging
 + Level 4.8 Stealth
 - Level 1.7 Invocations


You had 2 spell levels left.
You didn't know any spells.

Dungeon Overview and Level Annotations

Branches:
Dungeon (5/15)
 Temple: D:4-7

Altars:
Okawaru

Annotations:
D:2 Natasha
D:5 Charly's ghost, weakling SpAK; Dowan; Duvessa


Innate Abilities, Weirdness & Mutations

You are tiny and cannot use many weapons and most armour.
You have supernaturally acute eyesight. (SInv)
You are a herbivore.
You cover ground extremely quickly.
You need consume almost no food.
You are clumsy. (Dex -2)
Your flesh is cold resistant. (rC+)
You are robust. (+10% HP)


Message History

You feel yourself slow down.
Unknown command.
You feel much better.
You feel sick. The scorpion stings you!
Ouch! That really hurt!
You are more poisoned.
The scorpion poisons you!
The orc wizard hits you but does no damage.
Okay, then.
You're too confused!
You bump into the rock wall.
You feel less confused.
You feel very sick. The scorpion misses you. The orc misses you.
The orc wizard barely misses you. Space bends around you!
You blink.
* * * LOW HITPOINT WARNING * * *
x2 You feel sick.
The orc priest completely misses you. The orc barely misses you.
The orc priest completely misses you.
It was a potion of mutation.
You feel extremely strange.
You feel robust.
You feel resistant to cold.
You feel clumsy.
You die...

#### #.. #.#
#.#########.#
.#.......oo§#
#.......@o#.#
#.#######.(.#
#.# ###.?...
#.# ####.#
#########.# .#
.......##.#
######.##.#
..........#####
.#####........#


You could see an orc priest, an orc wizard and an orc.

Vanquished Creatures
  3 adders
  A giant gecko (D:2)
  2 goblins
  2 hobgoblins
  3 bats
  2 giant newts (D:3)
  A rat (D:1)
14 creatures vanquished.

Notes
Turn   | Place    | Note
-------+----------+-------------------------------------------
     0 | Abyss:1  | Charly the Spriggan Abyssal Knight began the quest for the Orb.
     0 | Abyss:1  | Reached XP level 1. HP: 11/11 MP: 3/3
    11 | D:1      | Escaped the Abyss
    41 | D:1      | Reached skill level 1 in Stealth
   105 | D:1      | Reached skill level 2 in Stealth
   156 | D:2      | Found an iron altar of Okawaru.
   174 | D:2      | Noticed Natasha
   325 | D:3      | Reached XP level 2. HP: 12/16 MP: 4/4
   399 | D:3      | Reached skill level 3 in Stealth
   620 | D:4      | Reached skill level 4 in Stealth
   620 | D:4      | Reached XP level 3. HP: 16/19 MP: 5/5
   658 | D:4      | Reached ** piety under Lugonu
   766 | D:5      | Entered Level 5 of the Dungeon
   778 | D:5      | Noticed Charly's ghost (weakling SpAK)
   878 | D:5      | Noticed a centaur
   917 | D:5      | Noticed Duvessa
   917 | D:5      | Noticed Dowan
   922 | D:5      | Charly: @? dowan
   922 | D:5      | beem: Dowan (e)
                  | Spd:
    10 | HD: 3    | HP: 20-28
                  | AC/EV: 2/13
                  | Dam: 5
                  | weapons, items, doors, spellcaster
                  | Res: magic(20)
                  | XP: 68
                  | Sp: throw flame (3d5), throw frost (3d5), blink, corona, haste other
                  | Sz: Medium
                  | Int: human.
   933 | D:4      | Noticed a scorpion
   935 | D:4      | magipi: oh
   949 | D:4      | Gained mutation: You are robust. (+10% HP) [potion of mutation]
   949 | D:4      | Gained mutation: Your flesh is cold resistant. (rC+) [potion of mutation]
   949 | D:4      | Gained mutation: You are clumsy. (Dex -2) [potion of mutation]
   949 | D:4      | Succumbed to a scorpion's poison

Vault maps used:
D:1:      dpeg_arrival_houses_and_road
D:2:      kennysheep_ying_yang, okawaru_gym_becter, ecumenical_altar_2,
          uniq_natasha, uniq_terence
D:3:      gammafunk_temple_overflow_pools, serial_bayou_pond_a
D:4:      first_bread
D:5:      basic_altar, uniq_sigmund, uniq_edmund, uniq_duvessa

Skill      XL: |  1  2 |
---------------+-------+-----
Stealth        | 2 4 |  4.8
Fighting       | |  2.4
Short Blades   | |  2.1
Dodging        | |  3.5
Invocations    | |  1.7

Action                   || total
-------------------------++-------
Melee: Short sword       ||    38
Invok: Bend Space        ||     1
  Use: Potion            ||     5
 Stab: Sleeping          ||     6
       Distracted        ||     1
  Eat: Royal jelly       ||     1
       Fruit             ||     2
Armor: Robe              ||     4
Dodge: Dodged            ||    46
